 Dungeon Crawl Stone Soup version 0.29-a0-341-g24ffce5b50 (webtiles) character file.

Game seed: 10003727194315985814

9372 Essalna the Destroyer (level 11, -20/74 HPs)
             Began as a White Draconian Conjurer on Apr 20, 2022.
             Was an Elder of Vehumet.
             Demolished by an orc knight
             ... wielding a +0 battleaxe
              (38 damage)
             ... on level 2 of the Orcish Mines.
             The game lasted 00:29:41 (12276 turns).

Essalna the Destroyer (White Draconian Conjurer)   Turns: 12276, Time: 00:29:41

Health: -20/74     AC: 16    Str:  9    XL:     11   Next: 22%
Magic:  23/23      EV: 12    Int: 26    God:    Vehumet [****..]
Gold:   737        SH:  0    Dex: 10    Spells: 18/27 levels left

rFire   . . .      SeeInvis .   H - +8 short sword of Harmony {pain, rElec rPois Int+3}
rCold   + . .      Faith    .   (no shield)
rNeg    . . .      Spirit   .   (body armour unavailable)
rPois   +          Reflect  .   (helmet restricted)
rElec   +          Harm     .   D - +2 cloak {rPois}
rCorr   .          Rampage  .   L - +1 pair of gloves
Will    .....                   (no boots)
Stlth   ++........              (no amulet)
HPRegen 0.22/turn               z - +4 ring of protection
MPRegen 0.18/turn               C - ring of poison resistance

@: about to teleport
A: breathe frost, AC +7, unfitting armour, cold resistance 1, cold-blooded
a: Breathe Frost, Renounce Religion


You were on level 2 of the Orcish Mines.
You worshipped Vehumet.
Vehumet was greatly pleased with you.
You visited 3 branches of the dungeon, and saw 13 of its levels.

You collected 864 gold pieces.
You spent 127 gold pieces at shops.

Inventory:

Hand Weapons
 h - a +2 great sword of venom
 v - a +1 whip of electrocution
 E - the +3 dagger of the Warrior {vorpal, rN+ Stlth+}
   (You found it on level 5 of the Dungeon)

   It inflicts extra damage upon your enemies.
   rN:        It protects you from negative energy.
   Stlth:     It makes you more stealthy.
 H - the +8 short sword of Harmony (weapon) {pain, rElec rPois Int+3}
   (You took it off a gnoll on level 6 of the Dungeon)

   In the hands of one skilled in necromantic magic, it inflicts extra damage on
   living creatures.
   Int:       It affects your intelligence (+3).
   rElec:     It insulates you from electricity.
   rPois:     It protects you from poison.
Armour
 m - a scarf of shadows
 D - a +2 cloak of poison resistance (worn)
 L - a +1 pair of gloves (worn)
Magical Staves
 d - a staff of death
 N - a staff of earth
 O - a staff of cold
Jewellery
 l - a +6 ring of strength
 z - a +4 ring of protection (left hand)
 C - a ring of poison resistance (right hand)
 J - a +4 ring of protection
Wands
 p - a wand of mindburst (2)
 B - a wand of paralysis (9)
Scrolls
 b - 4 scrolls of amnesia
 e - 5 scrolls of noise
 g - 5 scrolls of identify
 q - 2 scrolls of immolation
 y - a scroll of fear
Potions
 a - a potion of magic
 f - a potion of cancellation
 i - a potion of ambrosia {unknown}
 j - 3 potions of berserk rage
 k - 3 potions of brilliance {unknown}
 o - 3 potions of mutation {unknown}
 r - a potion of flight {unknown}
 t - a potion of heal wounds
 x - 7 potions of curing {unknown}
 A - 2 potions of lignification {unknown}
 I - 2 potions of invisibility {unknown}
 K - a potion of degeneration {unknown}


   Skills:
 - Level 1.7 Dodging
 - Level 1.7 Stealth
 + Level 8.6 Spellcasting
 + Level 10.1 Conjurations
 + Level 6.8 Necromancy
 + Level 8.2 Translocations
 * Level 5.3 Evocations


You had 18 spell levels left.
You knew the following spells:

 Your Spells              Type           Power      Damage    Failure   Level
a - Magic Dart            Conj           100%       1d8       1%          1
b - Searing Ray           Conj           100%       2d8       1%          2
c - Iskenderun's Mystic   Conj/Tloc      56%        2d12      1%          4
d - Sublimation of Blood  Necr           46%        N/A       1%          2

Your spell library contained the following spells:

 Spells                   Type           Power      Damage    Failure   Level
 Inner Flame              Hex/Fire       11%        N/A       4%          3
 Dazzling Flash           Conj/Hex       74%        N/A       1%          3
 Fulminant Prism          Conj/Hex       18%        3d11      1%          4
 Irradiate                Conj/Tmut      18%        3d19      5%          5
 Petrify                  Tmut/Erth      11%        N/A       47%         4


Dungeon Overview and Level Annotations

Branches:
Dungeon (10/15)            Temple (1/1) D:7             Orc (2/2) D:9
    Elf (0/3) Orc:2
   Lair: D:8-11

Altars:
Cheibriados
Makhleb
Okawaru
Sif Muna
Trog
Vehumet
Xom

Shops:
D:1 ?   D:3 (   D:4 *   Orc:2 [:??

Annotations:
D:1 2 transporters
D:3 1 runed translucent door, Crazy Yiuf
Orc:1 2 transporters


Innate Abilities, Weirdness & Mutations

You can breathe waves of freezing cold which knock back foes.
Your icy white scales are hard. (AC +7)
You cannot fit into any form of body armour.
Your flesh is cold resistant. (rC+)
You are cold-blooded and may be slowed by cold attacks.


Message History

An orc warrior comes into view. It is wielding a +0 trident.
An orc warrior comes into view. It is wielding a +0 scimitar.
The orc knight barely misses you.
The orc high priest hits you with a +0 mace.
The orc sorcerer closely misses you.
The orc sorcerer moves out of view.
The orc priest shouts!
Found eight rat skeletons and two yak skeletons.
Found four shops.
As you read the scroll of fear, it crumbles to dust.
You assume a fearsome visage.
The orc wizard looks frightened!
The orc priest looks frightened!
The orc warrior looks frightened!
The orc knight easily resists.
The orc knight looks frightened!
The orc high priest looks frightened! x2; The orc sorcerer looks frightened!
The orc knight resists with some effort.
The orc sorcerer looks frightened!
The orc high priest looks frightened!
The orc warrior looks frightened!
The orc warrior shouts!
The orc wizard looks frightened!
The orc priest looks frightened!
The orange demon looks frightened!
You hear a shout! x4
The orc wizard gestures wildly while chanting.
The orc wizard flickers and vanishes!
Deactivating autopickup; reactivate with Ctrl-A.
The orc wizard mumbles some strange words.
The orc wizard flickers and vanishes!
The orc knight hits you with a +0 battleaxe!
An orc warrior comes into view.
It is wielding a +1 halberd of freezing.
As you read the scroll of teleportation, it crumbles to dust.
You feel strangely unstable.
An orc comes into view. It is wielding a +0 flail.
The orc knight misses you.
Okay, then.
As you read the scroll of fog, it crumbles to dust.
The scroll dissolves into smoke.
The orc knight hits you with a +0 battleaxe!
* * * LOW HITPOINT WARNING * * *
The orc knight attacks as you move away!
The orc knight hits you with a +0 battleaxe!!!
Ouch! That really hurt!
You die...

#..#.##.##
.........#
...#.##.##
..############
..# oo.o.##
.## .....o4##
## ÷.....§§##
÷...÷o§§§#
..§..§o@§#
÷oo÷.§§§##
÷...÷.∩##
÷o÷.o## ..###
#


You could see 3 orc knights, 2 orc high priests, an orc sorcerer (strong,
fleeing) and an orc priest (strong, fleeing).

Vanquished Creatures
  A hydra (D:8)
  A two-headed ogre (D:7)
  An orc knight (Orc:1)
  2 orc sorcerers (Orc:2)
  A troll (D:9)
  A shadow (D:9)
  A wraith (D:9)
  2 wyverns
  A steam dragon (D:9)
  3 wargs
  A water moccasin (D:5)
  2 sky beasts
  Duvessa (D:7)
  3 ogres
  10 orc warriors
  A boggart (D:9)
  3 centaurs
  A phantom (D:5)
  3 kobold brigands
  12 bullfrogs
  A gnoll sergeant (D:5)
  A scorpion (D:5)
  8 wights
  Dowan (D:7)
  11 killer bees
  3 howler monkeys (D:7)
  5 hounds
  2 jellies
  9 orc priests
  3 iguanas
  Terence (D:2)
  Natasha (thrice) (D:3)
  9 orc wizards
  10 gnolls
  4 adders
  3 white imps
  A worm (D:5)
  A dart slug (D:2)
  47 orcs
  9 ball pythons
  4 bats
  3 endoplasms
  4 giant cockroaches
  9 goblins
  8 hobgoblins
  17 jackals
  4 quokkas
  A frilled lizard (D:2)
  16 kobolds
  4 rats
253 creatures vanquished.

Vanquished Creatures (collateral kills)
  A wraith (D:9)
  A yak (D:9)
  A bullfrog (D:9)
  A wight (D:9)
4 creatures vanquished.

Vanquished Creatures (others)
  An orc wizard (D:5)
1 creature vanquished.

Grand Total: 258 creatures vanquished

Notes
Turn   | Place    | Note
-------+----------+-------------------------------------------
     0 | D:1      | Essalna the Draconian Conjurer began the quest for the Orb.
     0 | D:1      | Reached XP level 1. HP: 14/14 MP: 3/3
   168 | D:1      | Found Veyvompog's Magic Scroll Boutique.
   218 | D:1      | Reached XP level 2. HP: 11/20 MP: 0/5
   905 | D:1      | Reached XP level 3. HP: 25/26 MP: 5/7
   944 | D:1      | Found a faded altar of an unknown god.
  1348 | D:2      | Noticed Terence
  1357 | D:2      | Killed Terence
  1358 | D:2      | Reached XP level 4. HP: 22/33 MP: 4/8
  1514 | D:2      | Reached skill level 5 in Conjurations
  2326 | D:2      | Learned a level 2 spell: Searing Ray
  2337 | D:3      | Found Vinary's Weapon Boutique.
  2467 | D:3      | Noticed Natasha
  2473 | D:3      | Killed Natasha
  2597 | D:3      | Found a runed translucent door.
  2598 | D:3      | Noticed Crazy Yiuf
  2649 | D:3      | Reached XP level 5. HP: 27/38 MP: 8/10
  3036 | D:3      | Noticed Natasha
  3039 | D:3      | Killed Natasha
  3151 | D:3      | Noticed Natasha
  3154 | D:3      | Killed Natasha
  3305 | D:3      | Learned a level 4 spell: Iskenderun's Mystic Blast
  3603 | D:4      | Reached skill level 1 in Translocations
  3612 | D:4      | Reached XP level 6. HP: 38/45 MP: 1/12
  3831 | D:4      | Found a burning altar of Makhleb.
  4433 | D:4      | Found Soshae's Assorted Antiques.
  4439 | D:4      | Bought an embroidered cloak for 127 gold pieces
  4524 | D:4      | Found a radiant altar of Vehumet.
  4528 | D:4      | Found an iron altar of Okawaru.
  4533 | D:4      | Became a worshipper of Vehumet
  4616 | D:4      | Found a shimmering blue altar of Sif Muna.
  4642 | D:5      | Entered Level 5 of the Dungeon
  4665 | D:5      | Reached skill level 6 in Conjurations
  4894 | D:5      | Your scales start taking on an icy white colour.
  4894 | D:5      | Reached XP level 7. HP: 30/50 MP: 6/14
  4894 | D:5      | Gained mutation: Your flesh is cold resistant. (rC+) [White
                  | Draconian growth]
  5097 | D:5      | Identified the +3 dagger of the Warrior {vorpal, rN+
                  | Stlth+}
  5274 | D:5      | Reached skill level 5 in Spellcasting
  5674 | D:5      | Reached skill level 7 in Conjurations
  5691 | D:5      | Reached XP level 8. HP: 17/57 MP: 0/16
  5946 | D:5      | Learned a level 2 spell: Sublimation of Blood
  6332 | D:6      | Reached skill level 1 in Necromancy
  6467 | D:6      | Reached * piety under Vehumet
  6467 | D:6      | Offered knowledge of Shock by Vehumet.
  6731 | D:6      | Found a bloodstained altar of Trog.
  6848 | D:6      | Identified the +8 short sword of Harmony {pain, rElec rPois
                  | Int+3}
  7246 | D:7      | Noticed a two-headed ogre
  7338 | D:7      | Reached skill level 5 in Translocations
  7587 | D:7      | Reached skill level 8 in Conjurations
  7681 | D:7      | Reached XP level 9. HP: 62/62 MP: 12/18
  7686 | D:7      | Noticed Dowan
  7948 | D:7      | Killed a two-headed ogre
  7948 | D:7      | Offered knowledge of Foxfire by Vehumet.
  8084 | D:7      | Reached ** piety under Vehumet
  8309 | D:7      | Found a staircase to the Ecumenical Temple.
  8314 | Temple   | Entered the Ecumenical Temple
  8401 | D:7      | Noticed Duvessa
  8409 | D:7      | Killed Duvessa
  8419 | D:7      | Killed Dowan
  8985 | D:8      | Reached skill level 5 in Necromancy
  9138 | D:8      | Identified the +9 dagger of the Lusting Badger {pain, rF-
                  | rCorr Str+2}
  9217 | D:8      | Reached skill level 9 in Conjurations
  9253 | D:8      | Offered knowledge of Frozen Ramparts by Vehumet.
  9390 | D:8      | Noticed a four-headed hydra
  9517 | D:8      | Killed a four-headed hydra
  9518 | D:8      | Reached XP level 10. HP: 69/69 MP: 21/21
  9832 | D:9      | Found a staircase to the Orcish Mines.
  9851 | D:9      | Reached skill level 1 in Evocations
 10126 | D:9      | Reached *** piety under Vehumet
 10429 | D:10     | Entered Level 10 of the Dungeon
 10527 | D:10     | Offered knowledge of Conjure Flame by Vehumet.
 10920 | D:9      | Found a snail-covered altar of Cheibriados.
 11089 | Orc:1    | Entered Level 1 of the Orcish Mines
 11091 | Orc:1    | Found a transporter.
 11092 | Orc:1    | Noticed a moth of wrath
 11092 | Orc:1    | Noticed a moth of wrath
 11119 | Orc:1    | Found a transporter.
 11132 | Orc:2    | Entered Level 2 of the Orcish Mines
 11132 | Orc:2    | Noticed an orc sorcerer
 11145 | Orc:2    | Killed an orc sorcerer
 11213 | Orc:2    | Reached **** piety under Vehumet
 11214 | Orc:2    | Reached XP level 11. HP: 60/74 MP: 15/23
 11761 | Orc:2    | Noticed an orc sorcerer
 11772 | Orc:2    | Killed an orc sorcerer
 11773 | Orc:2    | Reached skill level 10 in Conjurations
 11773 | Orc:2    | Reached skill level 5 in Evocations
 11874 | Orc:2    | Found a staircase to the Elven Halls.
 11879 | Orc:1    | Noticed an orc knight
 11879 | Orc:1    | Found a shimmering altar of Xom.
 11880 | Orc:1    | Offered knowledge of Inner Flame by Vehumet.
 11884 | Orc:1    | Killed an orc knight
 12272 | Orc:1    | You fall into a shaft and drop 1 floor!
 12272 | Orc:2    | Noticed an orc knight
 12272 | Orc:2    | Noticed an orc knight
 12272 | Orc:2    | Noticed an orc high priest
 12272 | Orc:2    | Noticed an orc high priest
 12272 | Orc:2    | Noticed an orc sorcerer
 12272 | Orc:2    | Noticed an orc sorcerer
 12272 | Orc:2    | Noticed an orc knight
 12272 | Orc:2    | Noticed an orc sorcerer
 12272 | Orc:2    | Noticed an orc high priest
 12272 | Orc:2    | Found Estreihu's Magic Scroll Shop.
 12272 | Orc:2    | Found Seops's Magic Scroll Emporium.
 12272 | Orc:2    | Found Ollufus's Book Shop.
 12272 | Orc:2    | Found Vial's Armour Emporium.
 12276 | Orc:2    | Demolished by an orc knight

Illustrated notes

Levels and vault maps discovered:
D:1:      spicycebolla_arrival_teleporter_tutorial, layout_basic, serial_shops,
          nicolae_shop_crystal, hellmonk_ecumenical_altar_leap_of_faith,
          minmay_crystal_water, minmay_misc_feat_x
D:2:      layout_basic, kennysheep_generic_room_2, uniq_terence
D:3:      layout_loops_ring, serial_shops, shop, uniq_natasha,
          uniq_crazy_yiuf_cottage
D:4:      layout_loops_corners, mainiacjoe_overflow_brackets,
          grunt_temple_overflow_diamond, serial_shops,
          nicolae_shop_overgrown_old_shop
D:5:      layout_basic, serial_glass, glass_columns_b, glass_columns_b,
          due_unseen_surprise, feat_on_display, feat_on_display,
          kb_lookout_dungeons_type
D:6:      layout_loops_ring, bloody_trog
D:7:      layout_rooms, minmay_temple_entry_trees, minmay_microvault,
          uniq_duvessa
D:8:      layout_basic
D:9:      layout_layer_cave, kennysheep_mini_moat, david_orc_2, enter_bailey_5,
          onia_ninara_cookie
D:10:     layout_roguey, nicolae_ru_path_of_blood, serial_undead,
          serial_undead_d, serial_undead_c, serial_undead_b, serial_undead_b,
          minmay_fractal_squares_gapless_7
Temple:   regret_index_temple_generic_petals
Orc:1:    emtedronai_trogs_sanctum, layout_diamond_mine, basic_altar
Orc:2:    grunt_orc_tribal_feast, layout_caves

Skill      XL: |  1  2  3  4  5  6  7  8  9 10 11 |
---------------+----------------------------------+-----
Spellcasting   | 3 4 5 6 7 8 |  8.6
Conjurations   | 5 6 7 8 9 10 | 10.1
Translocations | 1 2 4 5 7 8 |  8.2
Necromancy     | 3 5 6 |  6.8
Evocations     | 4 5 |  5.3
Dodging        | |  1.7
Stealth        | |  1.7

Action                   |  1- 3 |  4- 6 |  7- 9 | 10-12 || total
-------------------------+-------+-------+-------+-------++-------
Melee: Great sword       |    57 |    14 |       |       ||    71
       Unarmed           |     2 |       |       |       ||     2
       Tailslap          |     5 |     1 |     5 |     3 ||    14
       Whip              |       |    27 |     9 |       ||    36
       Short sword       |       |       |    40 |    25 ||    65
 Cast: Magic Dart        |    39 |    99 |   148 |    82 ||   368
       Searing Ray       |       |     7 |    19 |    10 ||    36
       Iskenderun's Myst |       |       |    33 |    61 ||    94
       Sublimation of Bl |       |       |    10 |     5 ||    15
 Abil: Breathe Frost     |       |       |     2 |       ||     2
Evoke: Wand              |       |       |     4 |       ||     4
  Use: Scroll            |       |       |     2 |    17 ||    19
 Stab: Paralysed         |       |       |     7 |       ||     7
Armor: Skin              |    31 |    27 |    67 |    53 ||   178
Dodge: Dodged            |    93 |    50 |    80 |    81 ||   304

Table legend: (Time is in decaauts)
 A = Elapsed time spent in this place.
 B = Non-inter-level travel time spent in this place.
 C = Inter-level travel time spent in this place.
 D = Time resting spent in this place.
 E = Time spent auto-exploring this place.
 F = Levels seen in this place.
 G = Mean time per level.
                   A        B        C        D        E       F      G
               +--------+--------+--------+--------+--------+-----+--------+
         Total |  12367 |  11880 |    487 |    842 |   9175 |  13 |  951.3 |
       Dungeon |  11171 |  10718 |    453 |    374 |   8667 |  10 | 1117.1 |
        Temple |      1 |      1 |      0 |      0 |      0 |   1 |    1.0 |
  Orcish Mines |   1194 |   1160 |     34 |    468 |    508 |   2 |  597.0 |
               +--------+--------+--------+--------+--------+-----+--------+

Top non-repeatable levels by time:
     D:6: 1591 daAuts
     D:5: 1581 daAuts
     D:4: 1311 daAuts
     D:2: 1299 daAuts
     D:8: 1159 daAuts
     D:9: 1157 daAuts
     D:1: 1081 daAuts
     D:3: 999 daAuts
     D:7: 880 daAuts
   Orc:1: 610 daAuts
   Orc:2: 583 daAuts
    D:10: 108 daAuts
  Temple: 1 daAuts
